 Dungeon Crawl Stone Soup version 0.27-a0-170-g607d9e9d85 (webtiles) character file.

Game seed: 13138112033948050174

781 shakesphere1979 the Skirmisher (level 7, -3/76 HPs)
             Began as an Ogre Hunter on Jan 28, 2021.
             Slain by a worker ant (5 damage)
             ... on level 4 of the Dungeon.
             The game lasted 00:12:20 (5457 turns).

shakesphere1979 the Skirmisher (Ogre Hunter)        Turns: 5457, Time: 00:12:20

Health: -3/76      AC:  4    Str: 21    XL:     7   Next: 85%
Magic:  7/7        EV: 11    Int: 12    God:
Gold:   218        SH:  0    Dex:  9    Spells: 6/6 levels left

rFire    . . .     SeeInvis +   n - +4 long sword
rCold    . . .     Faith    .   (no shield)
rNeg     . . .     Spirit   .   b - +1 robe
rPois    .         Reflect  .   (helmet restricted)
rElec    .         Harm     .   (no cloak)
rCorr    .         Rampage  .   (gloves unavailable)
Will     .....                  (boots unavailable)
Stlth    +.........             (no amulet)
HPRegen  0.22/turn              h - ring of see invisible
MPRegen  0.10/turn              (no ring)

@: lethally poisoned (-3 -> -8)
A: large, unfitting armour, talons 1, strong 1, tough skin 1
a: no special abilities


You were on level 4 of the Dungeon.
You visited 1 branch of the dungeon, and saw 4 of its levels.

You collected 218 gold pieces.

Inventory:

Hand Weapons
 n - a +4 long sword (weapon)
Missiles
 c - 5 large rocks (quivered)
 d - 2 throwing nets
 p - 19 poisoned darts
Armour
 b - a +1 robe (worn)
Jewellery
 h - a ring of see invisible (left hand)
 q - an uncursed ring of see invisible
 s - an uncursed amulet of guardian spirit {unknown}
Scrolls
 e - 3 scrolls of identify
 j - 2 scrolls of amnesia
 l - a scroll of magic mapping
Potions
 f - a potion of haste {unknown}
 i - 2 potions of mutation
 m - 2 potions of lignification
 o - 2 potions of flight
 r - a potion of heal wounds {unknown}


   Skills:
 + Level 6.9 Fighting
 + Level 6.3 Throwing
 + Level 4.7 Dodging
 - Level 0.6 Stealth


You had 6 spell levels left.
You didn't know any spells.
Your spell library was empty.

Dungeon Overview and Level Annotations

Branches:
Dungeon (4/15)
 Temple: D:4-7

Altars:
Ashenzari
Okawaru


Innate Abilities, Weirdness & Mutations

You are too large for most types of armour.
You have tough skin. (AC +1)
You have sharp toenails.
Your muscles are strong. (Str +2)


Message History

Press: ? - help, Q - select action, (/) - cycle Shift-Dir - straight line, f/p - worker ant
Aim: a worker ant (lightly wounded, 62% to hit)
You throw a large rock. The large rock hits the worker ant.
The worker ant is lightly wounded.
* * * LOW HITPOINT WARNING * * *
You feel sick. The worker ant closely misses you.
You riposte.
You barely miss the worker ant. Your kick misses the worker ant.
The worker ant is lightly wounded.
The worker ant closely misses you.
You riposte.
You hit the worker ant but do no damage.
You claw the worker ant.
The worker ant is lightly wounded.
Throw: 6 large rocks
Press: ? - help, Q - select action, (/) - cycle Shift-Dir - straight line, f/p - worker ant
Aim: a worker ant (lightly wounded, 62% to hit)
You throw a large rock.
The large rock barely misses the worker ant.
* * * LOW HITPOINT WARNING * * *
You feel sick. The worker ant bites you.
You die...

###.... ....(#
#.#.##
######[.))######
#........).....# #
###.#.......####.#
#.#.....####.## #
.#........#
#B#####.#
..........#
#@....#.# #......#
####....# #......#
#.....## #####<.#
#......#
#..#####.....##
#...............
#.########.###.#
#.# .# ... #.# .#
..


You could see a worker ant.

Vanquished Creatures
  4 big kobolds (D:3)
  4 wights
  An orc priest (D:4)
  2 worker ants (D:4)
  Robin (D:2)
  7 gnolls
  6 adders
  An ooze (D:3)
  5 dart slugs
  2 leopard geckos
  2 orcs (D:4)
  7 bats
  4 giant cockroaches
  16 goblins
  12 hobgoblins
  A quokka (D:3)
  3 frilled lizards
  56 kobolds
  6 rats
140 creatures vanquished.

Notes
Turn   | Place    | Note
-------+----------+-------------------------------------------
     0 | D:1      | shakesphere1979 the Ogre Hunter began the quest for the
                  | Orb.
     0 | D:1      | Reached XP level 1. HP: 22/22 MP: 1/1
    78 | D:1      | Reached XP level 2. HP: 12/31 MP: 2/2
   906 | D:1      | Reached XP level 3. HP: 37/37 MP: 3/3
  1886 | D:2      | Found an iron altar of Okawaru.
  2140 | D:2      | Reached XP level 4. HP: 48/48 MP: 4/4
  2146 | D:1      | Reached XP level 5. HP: 55/55 MP: 5/5
  2170 | D:2      | Reached skill level 5 in Throwing
  2209 | D:2      | Reached skill level 5 in Fighting
  2515 | D:2      | Reached XP level 6. HP: 66/66 MP: 6/6
  2827 | D:3      | Found a broken altar of Ashenzari.
  3021 | D:3      | Noticed Robin
  3076 | D:2      | Killed Robin
  4076 | D:3      | Reached XP level 7. HP: 69/74 MP: 7/7
  5326 | D:3      | Gained mutation: You have sharp toenails. [potion of
                  | mutation]
  5326 | D:3      | Gained mutation: Your muscles are strong. (Str +2) [potion
                  | of mutation]
  5456 | D:4      | HP: 3/76 [poisoned by an adder]
  5457 | D:4      | Slain by a worker ant

Illustrated notes

Levels and vault maps discovered:
D:1:      dpeg_arrival_ternary, layout_basic, minmay_cupped
D:2:      layout_rooms, lemuel_round_altar
D:3:      minmay_goblin_kobold_castle, layout_basic,
          cheibrodos_ashenzari_chains, uniq_robin
D:4:      cheibrodos_quashed, layout_loops_ring, minmay_temple_entry_nine_rooms,
          chequers_garden

Skill      XL: |  1  2  3  4  5  6  7 |
---------------+----------------------+-----
Dodging        | 2 3 4 |  4.7
Fighting       | 3 4 5 6 |  6.9
Throwing       | 5 6 |  6.3
Stealth        | |  0.6

Action                   |  1- 3 |  4- 6 |  7- 9 || total
-------------------------+-------+-------+-------++-------
Melee: Short sword       |   157 |       |       ||   157
       Long sword        |       |   135 |   116 ||   251
       Kick              |       |       |     9 ||     9
Throw: Large rock        |     3 |     6 |     9 ||    18
  Use: Scroll            |       |     4 |     4 ||     8
       Potion            |       |       |     2 ||     2
 Stab: Sleeping          |     2 |     2 |       ||     4
Armor: Robe              |    68 |    34 |    41 ||   143
Dodge: Dodged            |    91 |    96 |   107 ||   294
       Rpst.: Long sword |       |    32 |    28 ||    60

Table legend: (Time is in decaauts)
 A = Elapsed time spent in this place.
 B = Non-inter-level travel time spent in this place.
 C = Inter-level travel time spent in this place.
 D = Time resting spent in this place.
 E = Time spent auto-exploring this place.
 F = Levels seen in this place.
 G = Mean time per level.
                   A        B        C        D        E       F      G
               +--------+--------+--------+--------+--------+-----+--------+
         Total |   5593 |   5533 |     60 |    804 |   3346 |   4 | 1398.2 |
       Dungeon |   5593 |   5533 |     60 |    804 |   3346 |   4 | 1398.2 |
               +--------+--------+--------+--------+--------+-----+--------+

Top non-repeatable levels by time:
     D:3: 2205 daAuts
     D:1: 1781 daAuts
     D:2: 1492 daAuts
     D:4: 113 daAuts
